 Dungeon Crawl Stone Soup version 0.25-a0-589-g1e14c54 (webtiles) character file.

Game seed: 11533426192732744476, levelgen mode: deterministic

6731 Faels the Slicer (level 10, -2/80 HPs)
             Began as a Minotaur Assassin on Mar 8, 2020.
             Was an Elder of Okawaru.
             Slain by a yak (13 damage)
             ... on level 9 of the Dungeon on Mar 9, 2020.
             The game lasted 00:25:54 (11567 turns).

Faels the Slicer (Minotaur Assassin)               Turns: 11567, Time: 00:25:55

Health: -2/80      AC:  7    Str: 16    XL:     10   Next: 75%
Magic:  7/9        EV: 18    Int:  8    God:    Okawaru [****..]
Gold:   443        SH:  7    Dex: 15    Spells: 9/9 levels left

rFire    . . .     SeeInvis .   C - +2 short sword
rCold    . . .     Gourm    .   t - +1 buckler
rNeg     . . .     Faith    +   l - +2 leather armour {rPois}
rPois    +         Spirit   .   (helmet restricted)
rElec    .         Reflect  .   c - +0 cloak
rCorr    .         Harm     .   (no gloves)
MR       .....                  (no boots)
Stlth    +++++.....             K - amulet of faith
HPRegen  0.23/turn              (no ring)
MPRegen  0.11/turn              (no ring)

@: heroism
A: retaliatory headbutt, horns 2
a: Heroism, Renounce Religion


You were on level 9 of the Dungeon.
You worshipped Okawaru.
Okawaru was greatly pleased with you.
You were not hungry.

You visited 2 branches of the dungeon, and saw 10 of its levels.

You collected 443 gold pieces.

Inventory:

Hand Weapons
 a - a +2 dagger
 x - a +2 flail of protection
 C - a +2 short sword (weapon)
 D - a +0 falchion
 F - a +0 glaive
 J - a +1 whip of flaming
 L - a +2 falchion of holy wrath
Missiles
 d - 23 poisoned darts (quivered)
 e - a curare-tipped dart
 p - 6 datura-tipped darts
 y - 7 boomerangs
 z - 2 throwing nets
Armour
 b - a +0 robe
 c - a +0 cloak (worn)
 l - a +2 leather armour of poison resistance (worn)
 n - a +2 robe of magic resistance
 r - a +0 leather armour
 t - a +1 buckler (worn)
Jewellery
 K - an amulet of faith (around neck)
Wands
 m - a wand of enslavement (6)
 H - a wand of iceblast (6)
 I - a wand of digging (6)
 M - a wand of flame (20)
Scrolls
 g - 6 scrolls of teleportation
 h - 5 scrolls of remove curse
 q - 2 scrolls of blinking
 v - 2 scrolls of fear
 A - a scroll of immolation
 B - 5 scrolls of amnesia
 E - 2 scrolls of enchant weapon
Potions
 i - 3 potions of stabbing
 k - 2 potions of lignification
 o - 4 potions of flight
 s - a potion of haste
 w - 3 potions of brilliance
Comestibles
 f - 12 rations
 j - 6 chunks of flesh


   Skills:
 + Level 4.9(9.9) Fighting
 - Level 12.0(17.0) Short Blades
 + Level 4.0(9.0) Throwing
 + Level 3.4(8.4) Armour
 + Level 4.0(9.0) Dodging
 + Level 9.2(14.2) Stealth
 - Level 4.2(9.2) Shields


You had 9 spell levels left.
You didn't know any spells.
Your spell library contained the following spells:

 Spells                   Type           Power        Failure   Level  Hunger
 Shock                    Conj/Air       #...         45%         1    ##.....
 Swiftness                Chrm/Air       #.......     61%         2    ###....
 Static Discharge         Conj/Air       #.......     83%         3    ####...
 Airstrike                Air            #.........   99%         4    #####..
 Lightning Bolt           Conj/Air       #.........   100%        5    ######.


Dungeon Overview and Level Annotations

Branches:
Dungeon (9/15)             Temple (1/1) D:4
   Lair: D:8-11         Orc: D:9-12

Altars:
Ashenzari
Cheibriados
Dithmenos
Elyvilon
Fedhas
Gozag
Hepliaklqana
Kikubaaqudgha
Makhleb
Nemelex Xobeh
Okawaru
Qazlal
Ru
Sif Muna
Trog
Uskayaw
Vehumet
Wu Jian
Xom
Yredelemnul
Zin
The Shining One

Shops:
D:2 *   D:8 %


Innate Abilities, Weirdness & Mutations

You reflexively headbutt those who attack you in melee.
You have a pair of horns on your head.


Message History

You closely miss the yak.
The yak is lightly wounded.
You puncture the yak!
The yak is moderately wounded.
You block the yak's attack. The yak gores you!
You hit the yak.
The yak is moderately wounded.
You hit the yak.
The yak is heavily wounded.
The yak gores you! The yak closely misses you.
You hit the yak.
The yak is heavily wounded.
You hit the yak but do no damage.
The yak is heavily wounded.
The yak gores you!
* * * LOW HITPOINT WARNING * * *
The yak gores you!
* * * LOW HITPOINT WARNING * * *
It was a potion of cancellation.
You feel magically purged. The yak gores you!
You die...

. #....................
... #....................
....#..Y..........#####..
....#.............#..Y)Yl
..................#.####.
.......Y+#..........# ...
≈≈≈≈≈≈≈.l#..#####...# ...
≈#####≈YY#..# #.#.# ...
#≈.@#..# #.#....._
#≈.##..# #.#.#....
#≈.....# #^#.#....
#≈.....# #...# ...
≈≈..... ....# ##. ......
...#. ....#.


You could see 4 yaks and an iguana.

Vanquished Creatures
  Pikel (D:7)
  An ugly thing (D:8)
  A troll (D:8)
  Grinder (D:3)
  A human (D:8)
  A wraith (D:7)
  6 yaks (D:9)
  3 sky beasts
  4 orc warriors
  An ice beast (D:8)
  2 slaves (D:7)
  The ghost of ARFLORD the Firebug, an amateur DrFE (D:3)
  A phantom (D:6)
  2 centaurs (D:7)
  8 ogres
  3 bullfrogs
  A scorpion (D:3)
  8 killer bees
  5 howler monkeys
  4 wights (D:6)
  4 crimson imps
  2 jellies
  A quasit (D:6)
  A bullfrog zombie (D:6)
  9 orc priests
  3 bullfrog skeletons
  4 hounds
  A centaur skeleton (D:5)
  3 iguanas
  Ijyb (D:3)
  12 orc wizards
  2 worker ants
  A killer bee zombie (D:6)
  A hound zombie (D:7)
  A hound skeleton (D:4)
  A worker ant zombie (D:6)
  16 adders
  4 gnolls (D:6)
  A shadow imp (D:8)
  An ooze (D:1)
  2 adder skeletons
  An adder zombie (D:6)
  4 worms
  2 dart slugs
  5 leopard geckos
  24 orcs
  8 giant cockroaches
  8 goblins
  10 hobgoblins
  5 jackals
  9 kobolds
  4 quokkas
  6 ball pythons
  9 bats
  4 frilled lizards
  A jackal skeleton (D:5)
  2 leopard gecko skeletons
  A leopard gecko zombie (D:7)
  5 rats
234 creatures vanquished.

Vanquished Creatures (others)
  7 withered plants (D:6)
7 creatures vanquished.

Grand Total: 241 creatures vanquished

Notes
Turn   | Place    | Note
-------+----------+-------------------------------------------
     0 | D:1      | Faels the Minotaur Assassin began the quest for the Orb.
     0 | D:1      | Reached XP level 1. HP: 18/18 MP: 0/0
   403 | D:1      | Reached XP level 2. HP: 25/25 MP: 1/1
  1422 | D:1      | Reached XP level 3. HP: 30/30 MP: 2/2
  1588 | D:2      | Reached XP level 4. HP: 27/38 MP: 3/3
  1699 | D:2      | Found Gozag's Platinum Reserve.
  1788 | D:2      | Found an opulent altar of Gozag.
  2094 | D:2      | Reached skill level 3 in Short Blades
  2498 | D:2      | Noticed an ogre
  2500 | D:2      | Killed an ogre
  2500 | D:2      | Reached skill level 4 in Short Blades
  2500 | D:2      | Reached skill level 1 in Shields
  2500 | D:2      | Reached XP level 5. HP: 43/45 MP: 4/4
  2912 | D:3      | Noticed Ijyb
  2934 | D:3      | Killed Ijyb
  3330 | D:3      | Reached XP level 6. HP: 51/51 MP: 5/5
  3350 | D:3      | Reached skill level 5 in Short Blades
  3516 | D:3      | Noticed Grinder
  3537 | D:3      | Paralysed by Grinder for 2 turns
  3561 | D:3      | Paralysed by Grinder for 3 turns
  3574 | D:3      | Paralysed by Grinder for 2 turns
  3581 | D:3      | Killed Grinder
  3581 | D:3      | Reached skill level 6 in Short Blades
  3661 | D:3      | Reached XP level 7. HP: 30/57 MP: 6/6
  4139 | D:3      | Found a runed translucent door.
  4140 | D:3      | Noticed ARFLORD's ghost (amateur DrFE)
  4188 | D:3      | Killed ARFLORD's ghost
  4188 | D:3      | Reached skill level 7 in Short Blades
  4713 | D:4      | Found a staircase to the Ecumenical Temple.
  4735 | Temple   | Entered the Ecumenical Temple
  4869 | Temple   | Became a worshipper of Warmaster Okawaru
  5041 | D:4      | Found an ornate altar of the Wu Jian Council.
  5380 | D:5      | Entered Level 5 of the Dungeon
  5392 | D:5      | Reached skill level 8 in Short Blades
  5442 | D:5      | Found a shadowy altar of Dithmenos.
  5469 | D:5      | Reached XP level 8. HP: 55/63 MP: 7/7
  5629 | D:5      | Found a blossoming altar of Fedhas.
  5661 | D:5      | Found a shimmering altar of Xom.
  5661 | D:5      | Found a shimmering altar of Xom.
  5673 | D:5      | Found a shimmering altar of Xom.
  5674 | D:5      | Found a shimmering altar of Xom.
  5676 | D:5      | Found a shimmering altar of Xom.
  6292 | D:6      | Reached * piety under Okawaru
  6292 | D:6      | Reached skill level 9 in Short Blades
  6318 | D:6      | Reached skill level 5 in Stealth
  6517 | D:6      | Found a stormy altar of Qazlal.
  6742 | D:6      | Found a shimmering blue altar of Sif Muna.
  6932 | D:6      | Found a shimmering altar of Xom.
  6958 | D:6      | Reached skill level 10 in Short Blades
  7192 | D:6      | Found an ancient bone altar of Kikubaaqudgha.
  7310 | D:6      | Reached XP level 9. HP: 28/70 MP: 8/8
  7723 | D:6      | Found a white marble altar of Elyvilon.
  8230 | D:7      | Reached ** piety under Okawaru
  8347 | D:7      | Reached skill level 11 in Short Blades
  9448 | D:7      | Noticed Pikel
  9507 | D:7      | Killed Pikel
  9507 | D:7      | Reached XP level 10. HP: 48/77 MP: 6/9
  9693 | D:8      | Found a burning altar of Makhleb.
  9715 | D:8      | Reached *** piety under Okawaru
  9783 | D:8      | Reached skill level 12 in Short Blades
 10057 | D:8      | Found Mauckiott's Food Emporium.
 10313 | D:8      | Noticed a purple ugly thing
 10345 | D:8      | Killed a purple ugly thing
 10345 | D:8      | Reached skill level 1 in Armour
 10757 | D:8      | Reached **** piety under Okawaru
 11135 | D:8      | Found a hazy altar of Hepliaklqana.
 11306 | D:9      | Reached ***** piety under Okawaru
 11510 | D:9      | Found a sparkling altar of Nemelex Xobeh.
 11567 | D:9      | Slain by a yak

Levels and vault maps discovered:
D:1:      dpeg_arrival_connections, layout_basic, chequers_decorated_corner,
          st_stairs_11
D:2:      minmay_razor_zed, layout_basic, nicolae_gozag_zags_fifth_avenue
D:3:      minmay_thinvault, layout_loops_ring, ebering_ghost_sewer_d,
          serial_bayou_crossing, uniq_ijyb, uniq_grinder
D:4:      layout_cave_pods, lemuel_round_altar, minmay_temple_entry_mini_moons,
          first_ration
D:5:      layout_cave_pools, fedhas_altar_2, xom_redecorated,
          grunt_dithmenos_smoke
D:6:      layout_loops_ring, kiku_gazebo_garden_becter, grunt_qazlal_clouds,
          elyvilon_altar_3, hangedman_feature_mirror
D:7:      layout_loops_ring, ebering_dispersal_statue_hall, uniq_pikel
D:8:      layout_rooms, overflow_temple_1_default, marbit_many_paths,
          serial_shops, shop, grunt_pizzeria
D:9:      layout_irregular_city, old_standard_altar, enter_bailey_3,
          gammafunk_ghost_arena
Temple:   minmay_temple_curvy_loop

Skill      XL: |  1  2  3  4  5  6  7  8  9 10 |
---------------+-------------------------------+-----
Fighting       | 3 4 |  4.9
Dodging        | 2 4 |  4.0
Short Blades   | 4 6 8 10 11 12 | 12.0
Shields        | 1 2 3 4 |  4.2
Stealth        | 4 6 8 9 |  9.2
Throwing       | 4 |  4.0
Armour         | 3 |  3.4

Action                   |  1- 3 |  4- 6 |  7- 9 | 10-12 || total
-------------------------+-------+-------+-------+-------++-------
Melee: Dagger            |    54 |   194 |   314 |       ||   562
       Headbutt          |     4 |    26 |   131 |    49 ||   210
       Short sword       |       |       |   291 |   247 ||   538
Throw: Dart              |       |     4 |    33 |     8 ||    45
Invok: Heroism           |       |       |     7 |     5 ||    12
  Use: Scroll            |       |    10 |     6 |     4 ||    20
       Potion            |       |     2 |     3 |     5 ||    10
 Stab: Sleeping          |     7 |     9 |    12 |     4 ||    32
       Distracted        |       |     1 |     2 |     1 ||     4
       Invisible         |       |     1 |       |       ||     1
  Eat: Chunk             |     2 |     7 |    15 |     4 ||    28
       Ration            |       |       |     1 |     1 ||     2
Armor: Robe              |     7 |     6 |       |       ||    13
       Leather armour    |       |    19 |    78 |    24 ||   121
       Skin              |       |       |       |    17 ||    17
Dodge: Dodged            |    26 |    69 |   174 |    60 ||   329
Block: Buckler           |       |    15 |    92 |    38 ||   145

Table legend:
 A = Non-vault XP
 B = Vault XP
 C = Vault XP percentage of total XP
 D = Non-vault monster count
 E = Vault monster count
 F = Vault count percentage of total count
                 A         B        C        D         E       F
            +---------+---------+-------+---------+---------+-------
      Total |    8000 |    1616 |  16.8 |     190 |      42 |  18.1
            +---------+---------+-------+---------+---------+-------
        D:1 |      36 |       5 |  12.2 |      18 |       3 |  14.3
        D:2 |     115 |     133 |  53.6 |      20 |      12 |  37.5
        D:3 |     211 |     548 |  72.2 |      16 |      22 |  57.9
        D:4 |     313 |       0 |   0.0 |      14 |       0 |   0.0
        D:5 |     432 |       0 |   0.0 |      14 |       0 |   0.0
        D:6 |    1656 |      61 |   3.6 |      40 |       2 |   4.8
        D:7 |    1707 |     651 |  27.6 |      34 |       1 |   2.9
        D:8 |    1955 |     218 |  10.0 |      21 |       2 |   8.7
        D:9 |    1575 |       0 |   0.0 |      13 |       0 |   0.0
            +---------+---------+-------+---------+---------+-------
